 Dungeon Crawl Stone Soup version 0.28.0-43-g3370ac3207 (webtiles) character file.

Game seed: 11490535906503490937

25 Revguard the Chopper (level 2, -5/22 HPs)
             Began as a Demonspawn Gladiator on Mar 10, 2022.
             Was a Believer of Lugonu.
             Slain by a hobgoblin
             ... wielding a +0 trident
              (8 damage)
             ... on level 2 of the Dungeon.
             The game lasted 00:02:51 (1248 turns).

Revguard the Chopper (Demonspawn Gladiator)         Turns: 1248, Time: 00:02:53

Health: -5/22      AC:  4    Str: 14    XL:     2   Next: 82%
Magic:  2/2        EV: 12    Int:  9    God:    Lugonu [**....]
Gold:   104        SH:  0    Dex: 14    Spells: 1/1 levels left

rFire   . . .      SeeInvis .   a - +0 war axe
rCold   . . .      Faith    .   (no shield)
rNeg    . . .      Spirit   .   b - +0 leather armour
rPois   .          Reflect  .   c - +0 helmet
rElec   .          Harm     .   (no cloak)
rCorr   .          Rampage  .   (no gloves)
Will    .....                   (no boots)
Stlth   +.........              f - amulet of the acrobat
HPRegen 0.07/turn               (no ring)
MPRegen 0.08/turn               (no ring)

@: no status effects
A: claws 1
a: Renounce Religion, Depart the Abyss, Bend Space


You were on level 2 of the Dungeon.
You worshipped Lugonu.
Lugonu was pleased with you.
You visited 1 branch of the dungeon, and saw 2 of its levels.

You collected 104 gold pieces.

Inventory:

Hand Weapons
 a - a +0 war axe (weapon)
Missiles
 d - 3 throwing nets (quivered)
Armour
 b - a +0 leather armour (worn)
 c - a +0 helmet (worn)
Jewellery
 e - an amulet of regeneration
 f - an amulet of the acrobat (around neck)
 j - a ring of fire
Scrolls
 g - a scroll of summoning {unknown}
Potions
 h - a potion of lignification


   Skills:
 + Level 2.3 Fighting
 + Level 2.9 Axes
 - Level 1.7 Throwing
 * Level 1.3 Armour
 + Level 2.9 Dodging


You had one spell level left.
You didn't know any spells.
Your spell library contained the following spells:

 Spells                   Type           Power      Damage    Failure   Level
 Gell's Gravitas          Tloc           0%         N/A       83%         3
 Teleport Other           Tloc           0%         N/A       83%         3
 Dispersal                Tloc           0%         N/A       100%        6


Dungeon Overview and Level Annotations

Branches:
Dungeon (2/15)

Altars:
Lugonu


Innate Abilities, Weirdness & Mutations

You have sharp fingernails.


Message History

You barely miss the kobold. The kobold hits you with a +0 club.
You barely miss the kobold. The kobold hits you but does no damage.
You hit the kobold.
You kill the kobold!
Lugonu accepts your kill.
Things that are here:
a +0 club; 5 stones HP restored.
There is an escape hatch in the floor here.
As you open the door, it creaks loudly!
There is an open door here.
A hobgoblin comes into view. It is wielding a +0 trident.
You see here 7 gold pieces.
You now have 104 gold pieces (gained 7).
The hobgoblin shouts!
The hobgoblin hits you with a +0 trident.
An endoplasm comes into view.
You hit the hobgoblin.
The hobgoblin is severely wounded.
The hobgoblin barely misses you.
You completely miss the hobgoblin.
The hobgoblin is severely wounded.
The hobgoblin hits you with a +0 trident.
The hobgoblin barely misses you.
You hit the hobgoblin.
The hobgoblin is almost dead.
The hobgoblin hits you with a +0 trident!
* * * LOW HITPOINT WARNING * * *
You closely miss the hobgoblin.
The hobgoblin is almost dead.
The hobgoblin hits you with a +0 trident.
* * * LOW HITPOINT WARNING * * *
You closely miss the hobgoblin.
The hobgoblin is almost dead.
You hit the endoplasm.
You kill the endoplasm!
Lugonu accepts your kill. The hobgoblin completely misses you.
The hobgoblin hits you with a +0 trident!
You die...

# #####.# .......
......#
#################g......
................@.......
........................
................####....
###############.# ... #
#..# . # ##.# ### .. ..#
#.# ..# ..


You could see a hobgoblin.

Vanquished Creatures
  A dart slug (D:1)
  2 ball pythons (D:1)
  3 endoplasms
  3 goblins (D:1)
  A hobgoblin (D:2)
  2 quokkas (D:1)
  2 bats (D:1)
  A frilled lizard (D:1)
  5 kobolds
  3 rats (D:1)
  A spectral goblin (D:2)
24 creatures vanquished.

Notes
Turn   | Place    | Note
-------+----------+-------------------------------------------
     0 | D:1      | Revguard the Demonspawn Gladiator began the quest for the
                  | Orb.
     0 | D:1      | Reached XP level 1. HP: 16/16 MP: 1/1
   265 | D:1      | Gained mutation: You have sharp fingernails. [demonic
                  | ancestry]
   265 | D:1      | Reached XP level 2. HP: 21/22 MP: 2/2
   393 | D:1      | Reached skill level 1 in Armour
   903 | D:2      | Found a faded altar of an unknown god.
  1029 | D:2      | Prayed at the altar of an unknown god.
  1029 | D:2      | Became a worshipper of Lugonu the Unformed
  1029 | D:2      | Reached * piety under Lugonu
  1029 | D:2      | Reached ** piety under Lugonu
  1248 | D:2      | Slain by a hobgoblin

Illustrated notes

Levels and vault maps discovered:
D:1:      mushboom_english_gardens, layout_loops_ring, minmay_box_of_dots
D:2:      layout_basic, dreamdust_ecumenical_altar_drowned_temple

Skill      XL: |  1  2 |
---------------+-------+-----
Armour         | 1 |  1.3
Fighting       | |  2.3
Axes           | |  2.9
Throwing       | |  1.7
Dodging        | |  2.9

Action                   || total
-------------------------++-------
Melee: War axe           ||    75
       Punch             ||     1
  Use: Scroll            ||     2
       Potion            ||     2
Armor: Leather armour    ||    24
Dodge: Dodged            ||    51
